 Dungeon Crawl Stone Soup version 0.30-a0-603-g51a0fb1b98 (webtiles) character file.

Game seed: 5309623741660716090

82 Crownlay the Shooter (level 4, -2/40 HPs)
             Began as a Minotaur Hunter on Jan 7, 2023.
             Slain by a gnoll
             ... wielding a +0 halberd
              (14 damage)
             ... on level 2 of the Dungeon.
             The game lasted 00:01:22 (645 turns).

Crownlay the Shooter (Minotaur Hunter)               Turns: 645, Time: 00:01:23

Health: -2/40      AC:  3    Str: 16    XL:     4   Next: 21%
Magic:  3/3        EV: 12    Int:  6    God:
Gold:   81         SH:  0    Dex: 15    Spells: 3/3 levels left

rFire   . . .      SeeInvis .    a - +0 shortbow
rCold   . . .      Faith    .    (shield currently unavailable)
rNeg    . . .      Spirit   .    c - +0 leather armour
rPois   .          Reflect  .    (helmet restricted)
rElec   .          Harm     .    (no cloak)
rCorr   .          Rampage  .    (no gloves)
Will    .....                    (no boots)
Stlth   +                        (no amulet)
HPRegen 0.26/turn                (no ring)
MPRegen 0.08/turn                (no ring)

@: no status effects
A: horns 2, retaliatory headbutt
a: no special abilities


You were on level 2 of the Dungeon.
You visited 1 branch of the dungeon, and saw 2 of its levels.

You collected 81 gold pieces.

Inventory:

Hand Weapons
 a - a +0 shortbow (weapon)
Armour
 c - a +0 leather armour (worn)
Scrolls
 b - a scroll of immolation
 d - a scroll of enchant weapon {unknown}
 e - 2 scrolls of amnesia
 f - 2 scrolls of teleportation
 h - a scroll of vulnerability {unknown}
 j - 2 scrolls of magic mapping
Potions
 i - a potion of haste {unknown}
 k - a potion of lignification {unknown}
 l - 2 potions of degeneration {unknown}


   Skills:
 + Level 4.2 Fighting
 + Level 5.4 Ranged Weapons
 - Level 2.1 Dodging
 - Level 0.7 Stealth


You had 3 spell levels left.
You didn't know any spells.
Your spell library contained the following spells:

 Spells                   Type           Power      Damage    Failure   Level
 Sublimation of Blood     Necr           0%         N/A       67%         2
 Petrify                  Tmut/Erth      0%         N/A       99%         4
 Irradiate                Conj/Tmut      0%         3d11      100%        5


Dungeon Overview and Level Annotations

Branches:
Dungeon (2/15)

Altars:


Innate Abilities, Weirdness & Mutations

You have a pair of horns on your head.
You reflexively headbutt those who attack you in melee.


Message History

The jackal bites you. The gnoll barely misses you.
You shoot an arrow. The arrow hits the jackal.
The jackal is almost dead.
The jackal barely misses you. The gnoll barely misses you.
The jackal completely misses you. You furiously retaliate!
You headbutt the jackal, but do no damage.
You shoot an arrow. The arrow completely misses the jackal.
The arrow hits the gnoll.
The gnoll is moderately wounded.
The jackal bites you but does no damage.
The gnoll closely misses you. The jackal closely misses you.
The gnoll hits you from afar with a +0 halberd!
You are too injured to fight recklessly!
You are too injured to fight recklessly!
You are too injured to fight recklessly!
You are too injured to fight recklessly!
You are too injured to fight recklessly!
Fire: a) +0 shortbow
Press: ? - help, Shift-Dir - straight line, f/p - jackal
Aim: a jackal (almost dead, 56% to hit)
You shoot an arrow. The arrow closely misses the jackal.
The arrow hits the gnoll.
The gnoll is almost dead.
The jackal bites you.
* * * LOW HITPOINT WARNING * * *
The gnoll barely misses you. The jackal closely misses you.
You furiously retaliate!
You headbutt the jackal!
You kill the jackal!
Fire: a) +0 shortbow
Press: ? - help, Shift-Dir - straight line, f - gnoll
Aim: a gnoll, wielding a +0 halberd (almost dead, 66% to hit)
You shoot an arrow. The arrow hits the gnoll!
You kill the gnoll!
Fire: a) +0 shortbow
Press: ? - help, Shift-Dir - straight line, f - gnoll
Aim: a gnoll, wielding a +0 halberd (lightly wounded, 66% to hit)
You shoot an arrow. The arrow hits the gnoll.
The gnoll is heavily wounded.
The gnoll hits you from afar with a +0 halberd!
You die...

#.#.#.#.# #.#.....#
#.#.)...##
##........#
..........#
#.......#
#....†###.###
..##.##...††<†....#
...†)g)@#######.#.#
..##.#### #


You could see a gnoll.

Vanquished Creatures
  An adder (D:2)
  3 gnolls (D:2)
  5 bats
  An endoplasm (D:1)
  A giant cockroach (D:2)
  A hobgoblin (D:1)
  11 jackals
  A quokka (D:2)
  6 ball pythons
  4 frilled lizards
  2 goblins (D:1)
  2 kobolds
  2 rats (D:1)
40 creatures vanquished.

Vanquished Creatures (others)
  A fungus (D:1)
1 creature vanquished.

Grand Total: 41 creatures vanquished

Notes
Turn   | Place    | Note
-------+----------+-------------------------------------------
     0 | D:1      | Crownlay the Minotaur Hunter began the quest for the Orb.
     0 | D:1      | Reached XP level 1. HP: 18/18 MP: 0/0
   223 | D:1      | Reached XP level 2. HP: 25/25 MP: 1/1
   572 | D:2      | Reached skill level 5 in Ranged Weapons
   572 | D:2      | Reached XP level 3. HP: 31/31 MP: 2/2
   640 | D:2      | Reached XP level 4. HP: 27/40 MP: 3/3
   645 | D:2      | Slain by a gnoll

Illustrated notes

Levels and vault maps discovered:
D:1:      amcnicky_arrival_double_pillar, layout_basic,
          dreamdust_mushroom_princess, minmay_crystal_room,
          chequers_mini_garden, chequers_jeans
D:2:      layout_loops_ring, item_on_display_a

Skill      XL: |  1  2  3 |
---------------+----------+-----
Fighting       | 3 4 |  4.2
Ranged Weapons | 5 |  5.4
Dodging        | |  2.1
Stealth        | |  0.7

Action                   |  1- 3 |  4- 6 || total
-------------------------+-------+-------++-------
 Fire: Shortbow          |    89 |     6 ||    95
  Use: Scroll            |     3 |       ||     3
Armor: Leather armour    |    17 |     1 ||    18
Dodge: Dodged            |    54 |     8 ||    62

Table legend: (Time is in decaauts)
 A = Elapsed time spent in this place.
 B = Non-inter-level travel time spent in this place.
 C = Inter-level travel time spent in this place.
 D = Time resting spent in this place.
 E = Time spent auto-exploring this place.
 F = Levels seen in this place.
 G = Mean time per level.
                   A        B        C        D        E       F      G
               +--------+--------+--------+--------+--------+-----+--------+
         Total |    671 |    653 |     18 |      0 |    492 |   2 |  335.5 |
       Dungeon |    671 |    653 |     18 |      0 |    492 |   2 |  335.5 |
               +--------+--------+--------+--------+--------+-----+--------+

Top non-repeatable levels by time:
     D:1: 580 daAuts
     D:2: 91 daAuts
